 Dungeon Crawl Stone Soup version 0.25-a0-930-g9f5dfa9815 (webtiles) character file.

Game seed: 8913485923430891899, levelgen mode: deterministic

588 Hasart the Insei (level 7, -3/46 HPs)
             Began as an Octopode Transmuter on May 3, 2020.
             Slain by a centaur (9 damage)
             ... on level 6 of the Dungeon.
             The game lasted 00:08:11 (3580 turns).

Hasart the Insei (Octopode Transmuter)              Turns: 3580, Time: 00:08:12

Health: -3/46      AC:  1    Str:  9    XL:     7   Next: 38%
Magic:  10/10      EV: 14    Int: 17    God:
Gold:   204        SH:  0    Dex: 13    Spells: 4/10 levels left

rFire    . . .     SeeInvis .     - Unarmed
rCold    . . .     Gourm    .   (no shield)
rNeg     + . .     Faith    .   (helmet restricted)
rPois    .         Spirit   .   (no amulet)
rElec    .         Reflect  .   o - ring of positive energy
rCorr    .         Harm     .   (no ring)
MR       .....                  (no ring)
Stlth    ++........             (no ring)
HPRegen  0.15/turn              (no ring)
MPRegen  0.12/turn              (no ring)
                                (no ring)
                                (no ring)

@: no status effects
A: almost no armour, stealthy swim, amphibious, 8 rings, constrict 8, camouflage
1, gelatinous body 1
a: no special abilities


You were on level 6 of the Dungeon.
You were near starving.

You visited 1 branch of the dungeon, and saw 6 of its levels.

You collected 204 gold pieces.

Inventory:

Missiles
 a - 72 arrows
Jewellery
 o - a ring of positive energy (left tentacle)
Wands
 m - a wand of random effects (12)
 n - a wand of enslavement (9)
Scrolls
 b - a scroll of noise {unknown}
 d - a scroll of enchant weapon {unknown}
 g - 5 scrolls of identify {unknown}
 h - a scroll of remove curse
 i - 2 scrolls of teleportation
 q - a scroll of immolation {unknown}
 s - a scroll of enchant armour {unknown}
Potions
 e - 2 potions of lignification {unknown}
 f - 3 potions of curing {unknown}
 j - 2 potions of brilliance {unknown}
 k - 3 potions of heal wounds {unknown}
 l - a potion of degeneration {unknown}
 p - a potion of cancellation {unknown}
 r - 2 potions of berserk rage {unknown}
 t - a potion of invisibility {unknown}
Comestibles
 c - 8 rations


   Skills:
 + Level 3.2 Fighting
 + Level 3.7 Dodging
 * Level 5.5 Unarmed Combat
 + Level 2.3 Spellcasting
 + Level 3.7 Transmutations
 + Level 1.7 Poison Magic


You had 4 spell levels left.
You knew the following spells:

 Your Spells              Type           Power        Failure   Level  Hunger
a - Beastly Appendage     Tmut           ##....       4%          1    #......
b - Sticks to Snakes      Tmut           ##......     6%          2    ##.....
c - Spider Form           Tmut/Pois      ##........   19%         3    ###....

Your spell library contained the following spells:

 Spells                   Type           Power        Failure   Level  Hunger
 Ice Form                 Ice/Tmut       #.......     65%         4    #####..
 Blade Hands              Tmut           ##........   73%         5    ######.


Dungeon Overview and Level Annotations

Branches:
Dungeon (6/15)
 Temple: D:4-7

Altars:
Dithmenos
Hepliaklqana
Makhleb
Trog
Vehumet


Innate Abilities, Weirdness & Mutations

You cannot wear most types of armour.
You are very stealthy in the water. (Stealth+)
You are amphibious.
You can wear up to eight rings at the same time.
You can use your tentacles to constrict eight enemies at once.
Your skin changes colour to match your surroundings (Stealth+).
Your rubbery body absorbs attacks. (AC +1, EV +1)


Message History

You are near starving!
Okay, then.
Found a bubbling red potion.
e - 2 bubbling red potions (gained 1)
A centaur comes into view.
The centaur shouts!
Found a bloodstained altar of Trog.
The centaur wields a +0 shortbow.
The centaur shoots an arrow.
The arrow hits you!
You see here an arrow.
The centaur shoots an arrow.
The arrow hits you.
The centaur shoots an arrow.
The arrow closely misses you.
You see here an arrow.
The centaur unwields a +0 shortbow.
The centaur hits you!
* * * LOW HITPOINT WARNING * * *
A jackal skeleton comes into view.
You barely miss the centaur. The centaur misses you.
You closely miss the centaur. The centaur closely misses you.
The centaur hits you!
You die...

_......... .......... .
#..(...... ...
................... ....
...... #.........
#...♣♣♣..# ##.........
#.....(..# #..#.....#.
#..♣...(.#####.###...###
#......@..##....#..#..#.
#......c................
..........###.......#####
.......#### #............
....... #.....####.#.###.
..............# #.#.#
....Z........# #.#.#
###.. .....### #.#.#
..... #.#.#


You could see a centaur and a jackal skeleton (wandering).

Vanquished Creatures
  Sigmund (D:2)
  A phantom (D:4)
  A centaur (D:3)
  A crimson imp (D:3)
  2 hounds (D:5)
  A bullfrog skeleton (D:3)
  A jelly (D:5)
  A hound skeleton (D:4)
  6 adders
  A shadow imp (D:4)
  An ooze (D:3)
  3 worms
  A dart slug (D:1)
  3 leopard geckos
  3 orcs
  3 giant cockroaches
  5 hobgoblins
  2 bats
  A frilled lizard (D:5)
  2 goblins
  6 kobolds
  A leopard gecko skeleton (D:4)
  4 rats
51 creatures vanquished.

Notes
Turn   | Place    | Note
-------+----------+-------------------------------------------
     0 | D:1      | Hasart the Octopode Transmuter began the quest for the Orb.
     0 | D:1      | Reached XP level 1. HP: 13/13 MP: 3/3
   674 | D:1      | Reached XP level 2. HP: 11/18 MP: 5/5
  1287 | D:2      | Noticed Sigmund
  1304 | D:2      | Killed Sigmund
  1304 | D:2      | Reached skill level 4 in Unarmed Combat
  1304 | D:2      | Reached XP level 3. HP: 25/25 MP: 4/6
  1304 | D:2      | Reached XP level 4. HP: 30/30 MP: 4/7
  1304 | D:2      | Reached XP level 5. HP: 35/35 MP: 4/8
  1622 | D:3      | Found a hazy altar of Hepliaklqana.
  1870 | D:3      | Noticed a centaur
  1883 | D:3      | Killed a centaur
  1883 | D:3      | Reached XP level 6. HP: 36/41 MP: 7/9
  1889 | D:3      | Reached skill level 5 in Unarmed Combat
  2252 | D:3      | Learned a level 2 spell: Sticks to Snakes
  2256 | D:3      | Learned a level 3 spell: Spider Form
  2333 | D:3      | Found a radiant altar of Vehumet.
  2333 | D:3      | Found a burning altar of Makhleb.
  2481 | D:4      | Noticed a phantom
  2506 | D:4      | Killed a phantom
  2506 | D:4      | Reached skill level 1 in Poison Magic
  2506 | D:4      | Reached XP level 7. HP: 31/46 MP: 6/10
  2666 | D:4      | Found a shadowy altar of Dithmenos.
  2975 | D:5      | Entered Level 5 of the Dungeon
  3575 | D:6      | Found a bloodstained altar of Trog.
  3580 | D:6      | Slain by a centaur

Levels and vault maps discovered:
D:1:      ncdulo_watergridlock, layout_basic, serial_glass, glass_columns_a,
          glass_columns_a, glass_columns_a, glass_columns_b, glass_columns_b,
          glass_columns_b
D:2:      layout_rooms, uniq_sigmund
D:3:      layout_loops_ring, grunt_temple_overflow_lords_of_destruction,
          old_standard_altar, first_ration
D:4:      layout_rooms, grunt_dithmenos_shadows
D:5:      layout_cave_pods, zin_scriptorium, uniq_crazy_yiuf_cottage
D:6:      layout_basic, nicolae_overflow_crystal_walls,
          kiku_gazebo_garden_becter, chequers_temple_overflow_statue_of_worship,
          minmay_strange_pillars, chequers_garden

Skill      XL: |  1  2  3  4  5  6 |
---------------+-------------------+-----
Fighting       | 2 3 |  3.2
Dodging        | 3 |  3.7
Unarmed Combat | 4 5 |  5.5
Transmutations | 3 |  3.7
Poison Magic   | 1 |  1.7
Spellcasting   | |  2.3

Action                   |  1- 3 |  4- 6 |  7- 9 || total
-------------------------+-------+-------+-------++-------
Melee: Unarmed           |    45 |    86 |    31 ||   162
       Constrict         |    11 |    15 |     7 ||    33
       Tentacles         |     4 |    14 |     5 ||    23
       Kick              |     4 |     3 |     1 ||     8
       Punch             |     2 |     3 |     1 ||     6
 Cast: Beastly Appendage |     2 |     2 |     2 ||     6
       Sticks to Snakes  |       |     2 |     1 ||     3
  Use: Scroll            |       |     2 |       ||     2
 Stab: Sleeping          |     4 |     8 |     2 ||    14
  Eat: Chunk             |     1 |     4 |     2 ||     7
Armor: Skin              |     3 |     3 |     1 ||     7
Dodge: Dodged            |    27 |    46 |    21 ||    94

Table legend:
 A = Non-vault XP
 B = Vault XP
 C = Vault XP percentage of total XP
 D = Non-vault monster count
 E = Vault monster count
 F = Vault count percentage of total count
                 A         B        C        D         E       F
            +---------+---------+-------+---------+---------+-------
      Total |     556 |     284 |  33.8 |      48 |       3 |   5.9
            +---------+---------+-------+---------+---------+-------
        D:1 |      13 |       0 |   0.0 |       7 |       0 |   0.0
        D:2 |      20 |     223 |  91.8 |       9 |       1 |  10.0
        D:3 |     217 |      50 |  18.7 |      18 |       1 |   5.3
        D:4 |     177 |      11 |   5.9 |       9 |       1 |  10.0
        D:5 |     129 |       0 |   0.0 |       5 |       0 |   0.0
            +---------+---------+-------+---------+---------+-------
